 Dungeon Sprint DCSS version 0.30-a0-140-gd1020e658a (webtiles) character file.

Game seed: 13598727780466607023

364 mhtbhm the Geomancer (level 6, -8/34 HPs)
             Began as a Gargoyle Earth Elementalist on Sept 24, 2022.
             Was an Initiate of Vehumet.
             Killed from afar by a gargoyle (13 damage)
             ... with a stone arrow
             ... in the Dungeon (Sprint IX: "|||||||||||||||||||||||||||||").
             The game lasted 00:01:48 (552 turns).

mhtbhm the Geomancer (Gargoyle Earth Elementalist)   Turns: 552, Time: 00:01:49

Health: -8/34      AC: 10    Str: 15    XL:     6   Next: 67%
Magic:  3/16       EV: 13    Int: 17    God:    Vehumet [......]
Gold:   0          SH:  0    Dex: 10    Spells: 10/20 levels left

rFire   . . .      SeeInvis .    j - +2 dire flail (protect)
rCold   . . .      Faith    .    (shield currently unavailable)
rNeg    + . .      Spirit   .    a - +0 robe
rPois   ∞          Reflect  .    (no helmet)
rElec   +          Harm     .    k - +0 cloak
rCorr   .          Rampage  .    (no gloves)
Will    .....      NoTele   +    l - +0 pair of boots
Stlth   ++........               (no amulet)
HPRegen 0.11/turn                m - +2 ring of protection
MPRegen 0.15/turn                n - +3 ring of strength

@: no status effects
A: sickness immunity, AC +4, negative energy resistance 1, electricity
resistance, torment resistance 1, petrification resistance
a: Renounce Religion


You were in the Dungeon.
You worshipped Vehumet.
Vehumet was noncommittal.
You visited 1 branch

Inventory:

Hand Weapons
 j - a +2 dire flail of protection (weapon)
Armour
 a - a +0 robe (worn)
 k - a +0 cloak (worn)
 l - a +0 pair of boots (worn)
Jewellery
 m - a +2 ring of protection (left hand)
 n - a +3 ring of strength (right hand)
Wands
 i - a wand of roots (7)
Scrolls
 g - 2 scrolls of blinking
 h - 2 scrolls of amnesia
Potions
 b - 4 potions of magic
 c - a potion of invisibility
 d - 3 potions of heal wounds
 e - a potion of haste
 f - 4 potions of curing


   Skills:
 + Level 1.2 Fighting
 + Level 4.2 Dodging
 + Level 3.8 Stealth
 + Level 0.3 Unarmed Combat
 + Level 7.7 Spellcasting
 + Level 1.2 Conjurations
 + Level 1.0 Transmutations
 + Level 11.4 Earth Magic
 + Level 1.1 Evocations


You had 10 spell levels left.
You knew the following spells:

 Your Spells              Type           Power      Damage    Failure   Level
a - Sandblast             Erth           90%        2d19      1%          1
b - Passwall              Tmut/Erth      22%        N/A       1%          2
c - Stone Arrow           Conj/Erth      56%        3d10      2%          3
d - Petrify               Tmut/Erth      27%        N/A       9%          4

Your spell library contained the following spells:

 Spells                   Type           Power      Damage    Failure   Level


Dungeon Overview and Level Annotations

Branches:
Dungeon (1/1)

Altars:
Cheibriados
Dithmenos
Elyvilon
Fedhas
Gozag
Hepliaklqana
Kikubaaqudgha
Makhleb
Nemelex Xobeh
Okawaru
Qazlal
Ru
Sif Muna
Trog
Uskayaw
Vehumet
Wu Jian
Xom
Yredelemnul
Zin
The Shining One
Jiyva
Lugonu


Innate Abilities, Weirdness & Mutations

You are immune to sickness and miasma.
Your stone body is resilient. (AC +4)
You are immune to poison.
You resist negative energy. (rN+)
You are resistant to electric shocks. (rElec)
You are resistant to unholy torment.
You are immune to petrification.


Message History

The grasping roots constrict the gargoyle, but do no damage.
The grasping roots constrict the troll.
The troll escapes!
The gargoyle struggles to escape constriction.
Unknown command.
Casting: Sandblast (safe; 1% risk of failure)
Confirm with . or Enter, or press ? or * to list all spells.
The spell is quite dangerous to miscast (5% risk of failure)!
Continue anyway?
Aiming: Stone Arrow (quite dangerous; 5% risk of failure)
Press: ? - help, Shift-Dir - straight line, f/p - troll
Aim: a troll (moderately wounded, 71% to hit)
The stone arrow hits the troll!!
The troll is almost dead.
The grasping roots constrict the gargoyle.
The roots release their grip on the gargoyle.
The troll bites you! The troll claws you. The troll barely misses you.
Unknown command.
Casting: Stone Arrow (quite dangerous; 5% risk of failure)
Confirm with . or Enter, or press ? or * to list all spells.
The spell is quite dangerous to miscast (5% risk of failure)!
Continue anyway?
Aiming: Stone Arrow (quite dangerous; 5% risk of failure)
Press: ? - help, Shift-Dir - straight line, f/p - troll
Aim: a troll (almost dead, 71% to hit)
The stone arrow hits the troll!
You kill the troll!
Vehumet accepts your kill.
The gargoyle hurls a stone arrow at you.
The stone arrow hits you!
* * * LOW HITPOINT WARNING * * *
Your Fighting skill increases to level 1!
Your Dodging skill increases to level 4!
Your Spellcasting skill gained 2 levels and is now at level 7!
Your Conjurations skill increases to level 1!
Your Earth Magic skill gained 2 levels and is now at level 11!
Your Evocations skill increases to level 1!
You have reached level 6!
Unknown command.
Okay, then.
The gargoyle hurls a stone arrow at you.
The stone arrow hits you!
You die... ▓▓▓▓▓▓▓▓▓▓▓▓▓▓▓▓▓▓▓▓▓▓▓▓▓▓ ...cD)9..@...)..'_________ ▓▓▓▓▓▓▓▓▓▓▓▓▓▓▓▓▓▓▓▓▓▓▓▓▓▓

You could see an acid dragon, a gargoyle and a centaur.

Vanquished Creatures
  A troll (D)
  A gnoll sergeant (D)
  A hound (D)
  An iguana (D)
  An orc wizard (D)
  2 adders (D)
  An endoplasm (D)
  A goblin (D)
  A jackal (D)
  A quokka (D)
  A frilled lizard (D)
12 creatures vanquished.

Notes
Turn   | Place    | Note
-------+----------+-------------------------------------------
     0 | D        | mhtbhm the Gargoyle Earth Elementalist began the quest for
                  | the Orb.
     0 | D        | Reached XP level 1. HP: 10/10 MP: 3/3
     7 | D        | Reached skill level 4 in Earth Magic
   293 | D        | Noticed an iguana
   293 | D        | Noticed a hound
   293 | D        | Noticed an orc wizard
   297 | D        | Reached skill level 5 in Earth Magic
   297 | D        | Reached XP level 2. HP: 14/15 MP: 1/6
   300 | D        | Reached skill level 1 in Transmutations
   300 | D        | Reached skill level 6 in Earth Magic
   300 | D        | Reached XP level 3. HP: 16/19 MP: 6/8
   302 | D        | Reached skill level 7 in Earth Magic
   302 | D        | Reached XP level 4. HP: 21/24 MP: 7/10
   306 | D        | Reached skill level 5 in Spellcasting
   306 | D        | Reached skill level 8 in Earth Magic
   470 | D        | Learned a level 2 spell: Passwall
   474 | D        | Learned a level 3 spell: Stone Arrow
   479 | D        | Learned a level 4 spell: Petrify
   484 | D        | Found a snail-covered altar of Cheibriados.
   484 | D        | Found a shadowy altar of Dithmenos.
   484 | D        | Found a white marble altar of Elyvilon.
   484 | D        | Found a blossoming altar of Fedhas.
   484 | D        | Found an opulent altar of Gozag.
   485 | D        | Found a hazy altar of Hepliaklqana.
   486 | D        | Found a viscous altar of Jiyva.
   487 | D        | Found an ancient bone altar of Kikubaaqudgha.
   488 | D        | Found a corrupted altar of Lugonu.
   489 | D        | Found a burning altar of Makhleb.
   490 | D        | Found a sparkling altar of Nemelex Xobeh.
   491 | D        | Found an iron altar of Okawaru.
   492 | D        | Found a stormy altar of Qazlal.
   493 | D        | Found a sacrificial altar of Ru.
   494 | D        | Found a shimmering blue altar of Sif Muna.
   495 | D        | Found a bloodstained altar of Trog.
   496 | D        | Found a hide-covered altar of Uskayaw.
   497 | D        | Found a radiant altar of Vehumet.
   498 | D        | Found an ornate altar of the Wu Jian Council.
   499 | D        | Found a shimmering altar of Xom.
   500 | D        | Found a basalt altar of Yredelemnul.
   501 | D        | Found a glowing silver altar of Zin.
   502 | D        | Found a glowing golden altar of the Shining One.
   505 | D        | Became a worshipper of Vehumet
   543 | D        | Noticed a centaur
   543 | D        | Noticed an acid dragon
   543 | D        | Noticed a gargoyle
   543 | D        | Noticed a troll
   543 | D        | Noticed a gnoll sergeant
   547 | D        | Killed a gnoll sergeant
   548 | D        | Reached skill level 9 in Earth Magic
   548 | D        | Reached XP level 5. HP: 28/28 MP: 8/13
   550 | D        | Killed a troll
   551 | D        | Reached skill level 1 in Fighting
   551 | D        | Reached skill level 1 in Conjurations
   551 | D        | Reached skill level 11 in Earth Magic
   551 | D        | Reached skill level 1 in Evocations
   551 | D        | Reached XP level 6. HP: 5/34 MP: 2/16
   552 | D        | Killed from afar by a gargoyle

Illustrated notes

Levels and vault maps discovered:
D:        linesprint [early_d, line_temple, items_1, d_10, items_2, lair_1,
          lair_end, items_3, orc_1, orc_end, items_4, d_15, swamp_1, shoals_1,
          snake_1, spider_1, d_20, vaults_1, items_5, swamp_end, shoals_end,
          snake_end, spider_end, vaults_end, d_27, items_6, zot_1, zot_end,
          crypt_end, forest_end, elf_end, slime_end, tomb_end, abyss_end,
          pan_hell_end]

Skill      XL: |  1  2  3  4  5 |
---------------+----------------+-----
Earth Magic    | 5 6 7 9 11 | 11.4
Dodging        | 2 3 4 |  4.2
Spellcasting   | 3 4 5 7 |  7.7
Transmutations | 1 |  1.0
Stealth        | 3 |  3.8
Fighting       | 1 |  1.2
Conjurations   | 1 |  1.2
Evocations     | 1 |  1.1
Unarmed Combat | |  0.3

Action                   |  1- 3 |  4- 6 || total
-------------------------+-------+-------++-------
Melee: Unarmed           |     2 |       ||     2
 Cast: Sandblast         |    11 |     5 ||    16
       Stone Arrow       |       |     3 ||     3
Evoke: Wand              |       |     3 ||     3
  Use: Potion            |     3 |       ||     3
Armor: Robe              |     9 |     2 ||    11
Dodge: Dodged            |    18 |     7 ||    25

Table legend: (Time is in decaauts)
 A = Elapsed time spent in this place.
 B = Non-inter-level travel time spent in this place.
 C = Inter-level travel time spent in this place.
 D = Time resting spent in this place.
 E = Time spent auto-exploring this place.
 F = Levels seen in this place.
 G = Mean time per level.
                   A        B        C        D        E       F      G
               +--------+--------+--------+--------+--------+-----+--------+
         Total |    571 |    571 |      0 |    429 |      3 |   1 |  571.0 |
       Dungeon |    571 |    571 |      0 |    429 |      3 |   1 |  571.0 |
               +--------+--------+--------+--------+--------+-----+--------+

Top non-repeatable levels by time:
       D: 571 daAuts
